 Dungeon Crawl Stone Soup version 0.27-a0-1149-g4505690ab0 (webtiles) character file.

Game seed: 13633578046837033614

245 Azzok the Digger (level 6, -1/36 HPs)
             Began as an Octopode Earth Elementalist on May 12, 2021.
             Slain by a scorpion (9 damage)
             ... on level 4 of the Dungeon.
             The game lasted 00:03:17 (3428 turns).

Azzok the Digger (Octopode Earth Elementalist)      Turns: 3428, Time: 00:03:18

Health: -1/36      AC:  1    Str:  8    XL:     6   Next: 10%
Magic:  6/11       EV: 13    Int: 19    God:
Gold:   127        SH:  0    Dex: 12    Spells: 8/12 levels left

rFire    . . .     SeeInvis .   c - +2 dagger (speed)
rCold    . . .     Faith    .   (no shield)
rNeg     . . .     Spirit   .   (helmet restricted)
rPois    .         Reflect  .   (no amulet)
rElec    .         Harm     .   (no ring)
rCorr    .         Rampage  .   (no ring)
Will     .....                  (no ring)
Stlth    +++.......             (no ring)
HPRegen  0.12/turn              (no ring)
MPRegen  0.12/turn              (no ring)
                                (no ring)
                                (no ring)

@: lethally poisoned (-1 -> -17)
A: almost no armour, amphibious, 8 rings, camouflage 1, gelatinous body 1,
(nimble swimmer 1), tentacles
a: no special abilities


You were on level 4 of the Dungeon.
You visited 1 branch of the dungeon, and saw 4 of its levels.

You collected 127 gold pieces.

Inventory:

Hand Weapons
 c - a +2 dagger of speed (weapon)
Missiles
 b - 28 stones
Scrolls
 a - a scroll of vulnerability {unknown}
 e - 4 scrolls of identify {unknown}
 f - a scroll of enchant armour {unknown}
 g - a scroll of teleportation {unknown}
 h - a scroll of enchant weapon {unknown}
 i - a scroll of immolation {unknown}
Potions
 d - 3 potions of lignification {unknown}


   Skills:
 - Level 2.0 Dodging
 - Level 2.6 Stealth
 + Level 3.9 Spellcasting
 + Level 2.2 Conjurations
 - Level 1.0 Transmutations
 + Level 4.7 Earth Magic


You had 8 spell levels left.
You knew the following spells:

 Your Spells              Type           Power      Damage    Failure   Level
a - Sandblast             Erth           42%        2d11      1%          1
b - Stone Arrow           Conj/Erth      34%        3d9       10%         3

Your spell library contained the following spells:

 Spells                   Type           Power      Damage    Failure   Level
 Passwall                 Tmut/Erth      11%        N/A       6%          2
 Beastly Appendage        Tmut           14%        N/A       10%         1
 Wereblood                Tmut           7%         N/A       14%         2
 Spider Form              Tmut/Pois      2%         N/A       34%         3
 Petrify                  Tmut/Erth      14%        N/A       38%         4
 Lee's Rapid Deconstruct  Erth           10%        3d9*      47%         5
 Ice Form                 Ice/Tmut       5%         N/A       75%         4
 Hydra Form               Tmut           3%         N/A       95%         5


Dungeon Overview and Level Annotations

Branches:
Dungeon (4/15)
 Temple: D:4-7

Altars:
Okawaru

Shops:
D:3 *


Innate Abilities, Weirdness & Mutations

You cannot wear most types of armour.
You are amphibious.
You can wear up to eight rings at the same time.
Your skin changes colour to match your surroundings (Stealth+).
Your rubbery body absorbs attacks. (AC +1, EV +1)
((You are camouflaged near water. (Stealth+)))
You have tentacles for arms and can constrict up to eight enemies at once.


Message History

Press: ? - help, Shift-Dir - straight line, f/p - scorpion
Aim: a scorpion (lightly wounded, 81% to hit)
The blast of sand hits the scorpion!
The scorpion is severely wounded.
The giant cockroach closely misses you. The scorpion stings you.
The giant cockroach closely misses you. The scorpion barely misses you.
There is a stone staircase leading up here.
Casting: Sandblast (safe; 1% risk of failure)
Confirm with . or Enter, or press ? or * to list all spells.
Aiming: Sandblast (safe; 1% risk of failure)
Press: ? - help, Shift-Dir - straight line, f/p - scorpion
Aim: a scorpion (heavily wounded, 81% to hit)
The blast of sand hits the scorpion but does no damage.
The scorpion is heavily wounded.
The giant cockroach closely misses you. The scorpion stings you!
You are poisoned.
The scorpion poisons you!
Casting: Sandblast (safe; 1% risk of failure)
Confirm with . or Enter, or press ? or * to list all spells.
Aiming: Sandblast (safe; 1% risk of failure)
Press: ? - help, Shift-Dir - straight line, f/p - scorpion
Aim: a scorpion (heavily wounded, 81% to hit)
The blast of sand hits the scorpion but does no damage.
The scorpion is heavily wounded.
You feel very sick. The giant cockroach bites you. The scorpion stings you.
You are lethally poisoned!
The scorpion poisons you!
Casting: Sandblast (safe; 1% risk of failure)
Confirm with . or Enter, or press ? or * to list all spells.
Aiming: Sandblast (safe; 1% risk of failure)
Press: ? - help, Shift-Dir - straight line, f/p - scorpion
Aim: a scorpion (heavily wounded, 81% to hit)
The blast of sand hits the scorpion.
The scorpion is severely wounded.
* * * LOW HITPOINT WARNING * * *
You feel very sick. The giant cockroach misses you. The scorpion stings you!
You die...

▒ ▒· ·▒╬▒
··▒ ▒·▒
▒▒▒▒▒▒▒·▒▒
········[▒▒
▒···B@▒
▒···s▒▒
▒·········
···▒▒·▒·▒▒▒▒
▒▒ ▒·▒·▒
··▒·▒ ▒▒ ▒<▒
▒[▒


You could see a scorpion and a giant cockroach.

Vanquished Creatures
  A black bear (D:2)
  An iguana (D:3)
  4 gnolls
  2 adders
  3 dart slugs
  2 orcs (D:3)
  A bat (D:3)
  3 endoplasms
  2 giant cockroaches
  11 goblins
  5 hobgoblins
  3 jackals (D:2)
  5 kobolds
  4 quokkas
  6 ball pythons
  9 frilled lizards
  2 rats (D:3)
64 creatures vanquished.

Vanquished Creatures (others)
  2 plants (D:3)
2 creatures vanquished.

Grand Total: 66 creatures vanquished

Notes
Turn   | Place    | Note
-------+----------+-------------------------------------------
     0 | D:1      | Azzok the Octopode Earth Elementalist began the quest for
                  | the Orb.
     0 | D:1      | Reached XP level 1. HP: 11/11 MP: 3/3
   297 | D:1      | Reached XP level 2. HP: 17/17 MP: 5/5
  1011 | D:2      | Reached XP level 3. HP: 21/21 MP: 2/6
  1102 | D:1      | HP: 1/21 [gnoll/+0 club (6)]
  1405 | D:2      | Reached skill level 4 in Earth Magic
  1405 | D:2      | Reached XP level 4. HP: 21/27 MP: 5/8
  1413 | D:2      | Learned a level 3 spell: Stone Arrow
  1742 | D:2      | Found a faded altar of an unknown god.
  1940 | D:2      | Noticed a black bear
  1951 | D:2      | Killed a black bear
  1952 | D:2      | Reached skill level 1 in Conjurations
  1952 | D:2      | Reached XP level 5. HP: 4/31 MP: 4/10
  2854 | D:3      | Reached XP level 6. HP: 36/36 MP: 11/11
  3172 | D:3      | Found Deomausm's Assorted Antiques.
  3268 | D:3      | Found an iron altar of Okawaru.
  3428 | D:4      | Slain by a scorpion

Illustrated notes

Levels and vault maps discovered:
D:1:      minmay_arrival_stair_chambers, layout_rooms
D:2:      layout_rooms, ebering_ecumenical_altar_ruins, hangedman_decor_growths
D:3:      layout_loops_ring, okawaru_altar_gauntlet_db, serial_shops,
          nicolae_shop_behind_doors, minmay_lizard_king
D:4:      layout_loops_corners, serial_co_window_serial,
          co_window_of_opportunity_a, co_window_paths_b, co_window_paths_a,
          co_window_of_opportunity_a, co_window_cross_1, co_window_broadway_c,
          co_window_cross_4, co_window_2corner, co_window_paths_c,
          co_window_unsneaky_path_e, co_window_broadway_c, co_window_2corner,
          glass_columns_a, glass_columns_c, glass_columns_b

Skill      XL: |  1  2  3  4  5 |
---------------+----------------+-----
Spellcasting   | 3 |  3.9
Earth Magic    | 4 |  4.7
Conjurations   | 1 2 |  2.2
Dodging        | |  2.0
Stealth        | |  2.6
Transmutations | |  1.0

Action                   |  1- 3 |  4- 6 || total
-------------------------+-------+-------++-------
Melee: Dagger            |    33 |    93 ||   126
       Constrict         |     9 |    14 ||    23
       Tentacles         |     4 |     7 ||    11
       Unarmed           |     1 |       ||     1
 Cast: Sandblast         |    24 |    23 ||    47
 Stab: Sleeping          |     2 |     7 ||     9
Armor: Skin              |     2 |     8 ||    10
Dodge: Dodged            |    19 |    65 ||    84

Table legend: (Time is in decaauts)
 A = Elapsed time spent in this place.
 B = Non-inter-level travel time spent in this place.
 C = Inter-level travel time spent in this place.
 D = Time resting spent in this place.
 E = Time spent auto-exploring this place.
 F = Levels seen in this place.
 G = Mean time per level.
                   A        B        C        D        E       F      G
               +--------+--------+--------+--------+--------+-----+--------+
         Total |   3388 |   3320 |     68 |    488 |   2419 |   4 |  847.0 |
       Dungeon |   3388 |   3320 |     68 |    488 |   2419 |   4 |  847.0 |
               +--------+--------+--------+--------+--------+-----+--------+

Top non-repeatable levels by time:
     D:1: 1321 daAuts
     D:3: 1099 daAuts
     D:2: 956 daAuts
     D:4: 10 daAuts
